 Dungeon Sprint DCSS version 0.30.0-19-g36f170ea60 (webtiles) character file.

Game seed: 6058383420549759919

9000000 Groucho the Axe Maniac (level 27, -1/228 HPs)
             Began as a Djinni Warper on May 27, 2023.
             Was the Champion of Makhleb.
             Killed by the air
             ... invoked by a tyrant
              (59 damage)
             ... in the Dungeon (Sprint VIII: "Arena of Blood").
             The game lasted 00:03:40 (90 turns).

Groucho the Axe Maniac (Djinni Warper)                Turns: 90, Time: 00:03:41

Health: -1/228     AC:  6    Str: 10    XL:     27
Gold:   0          EV: 26    Int: 27    God:    Makhleb [******] SH:  0 Dex: 15

rFire   + + .        i - +∞ Axe of Woe
rCold   x . .        (shield currently unavailable)
rNeg    . . .        b - +0 leather armour
rPois   ∞            (no helmet)
rElec   .            (no cloak)
rCorr   .            (no gloves)
SInv    +            (boots unavailable)
Will    ++...        (no amulet)
Stlth   +++++++++    j - ring of see invisible
HPRegen 0.58/turn    (no ring)
MPRegen 0.00/turn

%: no teleportation, infuse magic (-2 HP)
@: flying
A: sickness immunity, fire resistance 2, cold vulnerability 1, float, innate
caster, HP casting, extra vitality 1
a: Renounce Religion, Minor Destruction, Lesser Servant of Makhleb, Major
Destruction, Greater Servant of Makhleb


You were in the Dungeon.
You worshipped Makhleb.
Makhleb was exalted by your worship.
You visited 1 branch

Inventory:

Hand Weapons
 a - a +0 hand axe
 i - the +∞ Axe of Woe (weapon)
   (You found it in the Dungeon)
Missiles
 d - 7 boomerangs of dispersal
Armour
 b - a +0 leather armour (worn)
Jewellery
 j - a ring of see invisible (left hand)
Scrolls
 c - 2 scrolls of blinking
Potions
 e - a potion of curing
 f - a potion of heal wounds
 g - a potion of haste
 h - a potion of berserk rage


   Skills:
 O Level 27 Fighting
 O Level 27 Short Blades
 O Level 27 Long Blades
 O Level 27 Axes
 O Level 27 Maces & Flails
 O Level 27 Polearms
 O Level 27 Staves
 O Level 27 Ranged Weapons
 O Level 27 Throwing
 O Level 27 Armour
 O Level 27 Dodging
 O Level 27 Stealth
 O Level 27 Shields
 O Level 27 Unarmed Combat
 O Level 27 Spellcasting
 O Level 27 Invocations
 O Level 27 Evocations


You knew the following spells:

 Your Spells              Type           Power      Damage    Failure   Level
a - Blink                 Tloc           100%       N/A       0%          2
b - Lesser Beckoning      Tloc           100%       N/A       0%          2
c - Vhi's Electric Charg  Tloc/Air       100%       N/A       0%          3
d - Teleport Other        Tloc           100%       N/A       0%          3
e - Manifold Assault      Tloc           100%       N/A       0%          4
f - Summon Small Mammal   Summ           100%       N/A       0%          1
g - Searing Ray           Conj           100%       2d8       0%          2
h - Inner Flame           Hex/Fire       100%       N/A       0%          3
i - Anguish               Hex/Necr       55%        N/A       0%          4
j - Iskenderun's Mystic   Conj/Tloc      100%       2d19      0%          4
k - Lee's Rapid Deconstr  Erth           55%        3d26*     0%          5
l - Eringya's Noxious Bo  Tmut/Pois      55%        N/A       0%          6
m - Storm Form            Tmut/Air       55%        N/A       0%          7
n - Simulacrum            Ice/Necr       55%        N/A       0%          6
o - Necromutation         Tmut/Necr      55%        N/A       1%          8
p - Orb of Destruction    Conj           55%        9d14      0%          7
q - Death's Door          Necr           55%        N/A       1%          9
r - Polar Vortex          Ice            55%        N/A       1%          9
Your spell library was empty.

Dungeon Overview and Level Annotations

Branches:
Dungeon (1/1)

Altars:
Makhleb


Innate Abilities, Weirdness & Mutations

You are immune to sickness and miasma.
You are immune to poison.
Your flesh is very heat resistant. (rF++)
You are vulnerable to cold. (rC-)
You float through the air rather than walking.
You learn spells naturally, not from books.
Your magical power is your life essence.
You have superior vitality. (+4 MHP)


Message History

The eight-headed meat hydra convulses!
The meat beast moves out of view.
Unknown command.
You slash the destroyer!
You hew the destroyer savagely.
You destroy the destroyer!
Makhleb accepts your kill.
You hear a shout!
A wretched soul comes into view.
You hear a shout! x2
The bag of meat is engulfed in blazing flames.
Unknown command.
Unknown command.
You slash the bag of meat!
You butcher the bag of meat messily.
You kill the bag of meat!
Makhleb accepts your kill.
You feel better.
An eight-headed meat hydra comes into view.
You hear a shout! x2
The eight-headed meat hydra calls on the powers of darkness!
The eight-headed meat hydra convulses!
The bag of meat convulses! x4
The large bag of meat convulses!
Flame seeps out of the large bag of meat.
The bag of meat convulses!
Your body is wracked with pain!
* * * LOW HITPOINT WARNING * * *
The eight-headed meat hydra convulses!
An eight-headed meat hydra comes into view.
You hear a shout!
Unknown command.
The meat beast roars deafeningly!
The eight-headed meat hydra roars!
You hack one of the eight-headed meat hydra's heads off!
The seven-headed meat hydra grows two more!
You slash the nine-headed meat hydra!
You dissect the nine-headed meat hydra like a pig carcass.
You kill the nine-headed meat hydra!
Makhleb accepts your kill.
You feel better.
You hear a shout! x3
The large bag of meat is engulfed in blazing flames.
The tyrant waves its bony arms in wide circles.
The air twists around and strikes you!!!
You die...

..M.○§) ).)).###..))..)
....°§)☼........#)).)..)
...M)○.☼§.§)....#....)°.
...)°°)#○)§.......)..)))
)...Do#☼#§#..)..))...)))
...ooo.#)#2...D.......))
#.o°#.#.#......)....).
#..O#o#.)..D#....))..
#.o)@†).L.........)).
.....##).).)..##.#)....)
#.. ##......)......... #
....W####....#.W...
##.........)....)..
####...)).........
####...........
############


You could see an accursed, a meat beast (fast), a tyrant (fast), 3 eight-headed
meat hydras, a large bag of meat (inner flame), a wretched soul (invisible) and
6 bags of meat.

Vanquished Creatures
  Sigmund (D)
  5 hell beasts (D)
  5 royal mummies (D)
  3 wraiths (D)
  Harold (D)
  10 vampire knights (D)
  28 ogres (D)
  6 two-headed ogres (D)
  6 liches (D)
  A hydra (D)
  56 orcs (D)
  5 skeletal warriors (D)
127 creatures vanquished.

Notes
Turn   | Place    | Note
-------+----------+-------------------------------------------
     0 | D        | Found the +∞ Axe of Woe
     0 | D        | Groucho the Djinni Warper began the quest for the Orb.
     0 | D        | Groucho set off with the following spells memorised: Blink,
                  | Lesser Beckoning, Vhi's Electric Charge, Teleport Other,
                  | Manifold Assault.
     0 | D        | Reached XP level 1. HP: 18/18 MP: 0/0
     2 | D        | Noticed a meat berserker
     2 | D        | Noticed a bag of meat
     3 | D        | Noticed a meat berserker
     3 | D        | Noticed a bag of meat
     4 | D        | Became a worshipper of Makhleb the Destroyer
     4 | D        | Noticed a bag of meat
     5 | D        | Killed a meat berserker
     5 | D        | Noticed a meat berserker
     5 | D        | Noticed a bag of meat
     6 | D        | Reached XP level 2. HP: 23/23 MP: 0/0
     6 | D        | Reached XP level 3. HP: 28/28 MP: 0/0
     6 | D        | Learned a level 1 spell: Summon Small Mammal
     6 | D        | Reached XP level 4. HP: 33/33 MP: 0/0
     6 | D        | Reached XP level 5. HP: 38/38 MP: 0/0
     6 | D        | Learned a level 2 spell: Searing Ray
     6 | D        | Reached XP level 6. HP: 43/43 MP: 0/0
     6 | D        | Reached XP level 7. HP: 49/49 MP: 0/0
     6 | D        | Learned a level 3 spell: Inner Flame
     6 | D        | Reached XP level 8. HP: 54/54 MP: 0/0
     6 | D        | Reached XP level 9. HP: 58/58 MP: 0/0
     6 | D        | Learned a level 4 spell: Anguish
     6 | D        | Reached XP level 10. HP: 64/64 MP: 0/0
     6 | D        | Reached XP level 11. HP: 68/68 MP: 0/0
     6 | D        | Learned a level 4 spell: Iskenderun's Mystic Blast
     6 | D        | Reached XP level 12. HP: 74/74 MP: 0/0
     6 | D        | Noticed a bag of meat
     7 | D        | Killed a meat berserker
     7 | D        | Reached * piety under Makhleb
     7 | D        | Noticed a bag of meat
     7 | D        | Noticed a bag of meat
     7 | D        | Noticed a meat berserker
     8 | D        | Reached XP level 13. HP: 78/78 MP: 0/0
     8 | D        | Learned a level 5 spell: Lee's Rapid Deconstruction
     8 | D        | Noticed a meat berserker
     8 | D        | Killed a bag of meat
     9 | D        | Reached XP level 14. HP: 85/85 MP: 0/0
     9 | D        | Killed a bag of meat
    10 | D        | Reached skill level 15 in Spellcasting
    10 | D        | Killed a meat berserker
    10 | D        | Reached ** piety under Makhleb
    10 | D        | Killed a meat berserker
    11 | D        | Reached XP level 15. HP: 89/89 MP: 0/0
    11 | D        | Learned a level 6 spell: Eringya's Noxious Bog
    11 | D        | Killed a meat berserker
    11 | D        | Reached *** piety under Makhleb
    12 | D        | Reached skill level 27 in Axes
    12 | D        | Reached XP level 16. HP: 90/94 MP: 0/0
    13 | D        | Reached skill level 27 in Dodging
    15 | D        | Reached **** piety under Makhleb
    16 | D        | Reached XP level 17. HP: 125/125 MP: 0/0
    16 | D        | Learned a level 7 spell: Storm Form
    16 | D        | Reached ***** piety under Makhleb
    16 | D        | Noticed a meat berserker
    17 | D        | Noticed a meat berserker
    17 | D        | Noticed a meat berserker
    18 | D        | Killed a meat berserker
    19 | D        | Reached XP level 18. HP: 148/148 MP: 0/0
    20 | D        | Reached ****** piety under Makhleb
    20 | D        | Killed a meat berserker
    20 | D        | Noticed a large bag of meat
    20 | D        | Noticed a large bag of meat
    21 | D        | Reached XP level 19. HP: 164/164 MP: 0/0
    21 | D        | Learned a level 6 spell: Simulacrum
    21 | D        | Killed a large bag of meat
    21 | D        | Noticed a destroyer
    22 | D        | Reached skill level 27 in Fighting
    22 | D        | Reached skill level 27 in Armour
    22 | D        | Reached skill level 27 in Spellcasting
    22 | D        | Reached XP level 20. HP: 181/181 MP: 0/0
    22 | D        | Killed a meat berserker
    23 | D        | Reached skill level 10 in Stealth
    23 | D        | Killed a destroyer
    24 | D        | Reached XP level 21. HP: 187/187 MP: 0/0
    24 | D        | Learned a level 8 spell: Necromutation
    24 | D        | Killed a large bag of meat
    26 | D        | Noticed a meat berserker
    28 | D        | Noticed a destroyer
    30 | D        | Killed a destroyer
    30 | D        | Killed a meat berserker
    31 | D        | Reached skill level 27 in Stealth
    31 | D        | Reached skill level 27 in Invocations
    31 | D        | Reached XP level 22. HP: 194/194 MP: 0/0
    31 | D        | Noticed a meat berserker
    33 | D        | Noticed a meat berserker
    34 | D        | Noticed a destroyer
    35 | D        | Killed a destroyer
    35 | D        | Killed a meat berserker
    35 | D        | Killed a meat berserker
    36 | D        | Reached skill level 27 in Unarmed Combat
    36 | D        | Reached skill level 5 in Short Blades
    36 | D        | Reached skill level 5 in Long Blades
    36 | D        | Reached skill level 5 in Maces & Flails
    36 | D        | Reached skill level 5 in Polearms
    36 | D        | Reached skill level 5 in Staves
    36 | D        | Reached skill level 5 in Ranged Weapons
    36 | D        | Reached skill level 5 in Throwing
    36 | D        | Reached XP level 23. HP: 201/201 MP: 0/0
    36 | D        | Learned a level 7 spell: Orb of Destruction
    47 | D        | Reached skill level 10 in Shields
    47 | D        | Reached skill level 10 in Evocations
    47 | D        | Noticed a tyrant
    49 | D        | Noticed a destroyer
    51 | D        | Noticed a tyrant
    52 | D        | Killed a tyrant
    53 | D        | Reached XP level 24. HP: 208/208 MP: 0/0
    54 | D        | Noticed a tyrant
    54 | D        | Noticed a tyrant
    55 | D        | Killed a tyrant
    55 | D        | Killed a tyrant
    55 | D        | Noticed a destroyer
    56 | D        | Reached skill level 15 in Maces & Flails
    56 | D        | Reached skill level 15 in Polearms
    56 | D        | Reached skill level 15 in Ranged Weapons
    56 | D        | Reached skill level 15 in Throwing
    56 | D        | Reached XP level 25. HP: 214/214 MP: 0/0
    56 | D        | Learned a level 9 spell: Death's Door
    56 | D        | Noticed an accursed
    56 | D        | Killed a destroyer
    56 | D        | Killed an accursed
    57 | D        | Noticed an accursed
    58 | D        | Killed a destroyer
    58 | D        | Killed an accursed
    59 | D        | Reached XP level 26. HP: 196/221 MP: 0/0
    59 | D        | Noticed an accursed
    60 | D        | Killed a tyrant
    60 | D        | Killed an accursed
    60 | D        | Noticed an accursed
    61 | D        | Noticed a dread
    61 | D        | Noticed a destroyer
    63 | D        | Reached XP level 27. HP: 226/228 MP: 0/0
    63 | D        | Learned a level 9 spell: Polar Vortex
    63 | D        | Noticed a large bag of meat
    63 | D        | Noticed a large bag of meat
    63 | D        | Noticed a large bag of meat
    64 | D        | Noticed a tyrant
    65 | D        | Killed a tyrant
    66 | D        | Noticed a meat beast
    66 | D        | Killed a meat beast
    66 | D        | Killed a large bag of meat
    66 | D        | Noticed a destroyer
    66 | D        | Noticed an accursed
    66 | D        | Noticed a tyrant
    66 | D        | Noticed a large bag of meat
    67 | D        | Reached skill level 27 in Short Blades
    67 | D        | Reached skill level 27 in Long Blades
    67 | D        | Reached skill level 27 in Staves
    67 | D        | Reached skill level 27 in Shields
    67 | D        | Reached skill level 27 in Evocations
    67 | D        | Killed a large bag of meat
    67 | D        | Killed an accursed
    67 | D        | Killed a tyrant
    68 | D        | Reached skill level 27 in Maces & Flails
    68 | D        | Reached skill level 27 in Polearms
    68 | D        | Reached skill level 27 in Ranged Weapons
    68 | D        | Reached skill level 27 in Throwing
    68 | D        | Killed an accursed
    68 | D        | Killed a destroyer
    68 | D        | Killed a large bag of meat
    68 | D        | Noticed a meat beast
    69 | D        | Killed a destroyer
    69 | D        | Killed a meat beast
    69 | D        | Noticed a dread
    70 | D        | Noticed a meat beast
    70 | D        | Killed a meat beast
    70 | D        | Killed a dread
    71 | D        | Killed a large bag of meat
    71 | D        | Noticed a destroyer
    72 | D        | Noticed a dread
    72 | D        | Killed a dread
    72 | D        | Killed a destroyer
    74 | D        | Noticed a meat beast
    74 | D        | Noticed a destroyer
    74 | D        | Noticed The Captor
    75 | D        | Killed The Captor
    75 | D        | Killed a meat beast
    75 | D        | Killed a destroyer
    76 | D        | Killed a dread
    80 | D        | Noticed a meat beast
    80 | D        | Noticed a large bag of meat
    80 | D        | Noticed The Servant
    81 | D        | Noticed a destroyer
    81 | D        | Killed a meat beast
    81 | D        | Noticed an accursed
    83 | D        | Killed The Servant
    84 | D        | Noticed a tyrant
    87 | D        | Noticed a meat beast
    88 | D        | Killed a destroyer
    90 | D        | Killed from afar by a tyrant

Illustrated notes

Levels and vault maps discovered:
D:        meatsprint

Skill      XL: |  1  2  3  4  5  6  7  8  9 10 11 12 13 14 15 16 17 18 19 20 21 22 23 24 25 26 27 |
---------------+----------------------------------------------------------------------------------+-----
Axes           | 17 20 21 25 27 | 27.0
Dodging        | 16 19 20 23 25 27 | 27.0
Spellcasting   | 12 14 17 18 22 24 26 27 | 27.0
Fighting       | 12 19 23 27 | 27.0
Armour         | 12 19 23 27 | 27.0
Stealth        | 3 19 27 | 27.0
Invocations    | 4 20 27 | 27.0
Unarmed Combat | 18 27 | 27.0
Short Blades   | 5 13 16 20 22 27 | 27.0
Long Blades    | 5 13 16 20 22 27 | 27.0
Maces & Flails | 5 12 15 18 21 27 | 27.0
Polearms       | 5 12 15 18 21 27 | 27.0
Staves         | 5 13 16 20 22 27 | 27.0
Ranged Weapons | 5 12 15 18 21 27 | 27.0
Throwing       | 5 12 15 18 21 27 | 27.0
Shields        | 6 14 18 21 24 27 | 27.0
Evocations     | 6 14 18 21 24 27 | 27.0

Action                     |  1- 3 |  4- 6 |  7- 9 | 10-12 | 13-15 | 16-18 | 19-21 | 22-24 | 25-27 || total
---------------------------+-------+-------+-------+-------+-------+-------+-------+-------+-------++-------
  Melee: Executioner's axe |     1 |       |       |     1 |     5 |    16 |    17 |    19 |    67 ||   126
   Cast: Manifold Assault  |       |       |       |       |     1 |     5 |     5 |     6 |    19 ||    36
